 Dungeon Crawl Stone Soup version 0.19.1 (webtiles) character file.

71 ImaNewbie the Conjurer (level 4, 0/33 HPs)
             Began as a Draconian Wizard on Dec 1, 2016.
             Slain by an ooze (2 damage)
             ... on level 3 of the Dungeon.
             The game lasted 00:04:39 (2518 turns).

ImaNewbie the Conjurer (Draconian Wizard)           Turns: 2518, Time: 00:04:40

Health: 0/33       AC:  5    Str:  9    XL:     4   Next: 5%
Magic:  2/8        EV: 12    Int: 19    God:
Gold:   107        SH:  0    Dex: 10    Spells: 2 memorised, 6 levels left

rFire  . . .     SeeInvis .     g - -1 dagger (curse)
rCold  . . .     Gourm    .     (armour unavailable)
rNeg   . . .     Faith    .     (no shield)
rPois  .         Spirit   .     a - +0 hat
rElec  .         Reflect  .     (no cloak)
rCorr  .         Harm     .     (no gloves)
MR     .....                    (no boots)
Stlth  ++........               (no amulet)
                                (no ring)
                                (no ring)

@: very slightly contaminated
A: unfitting armour, cold-blooded, AC +5
a: no special abilities


You were on level 3 of the Dungeon.
You were not hungry.

You visited 1 branch of the dungeon, and saw 4 of its levels.

You collected 107 gold pieces.

Inventory:

Hand Weapons
 d - a +0 whip
 g - a cursed -1 dagger (weapon)
Armour
 a - a +0 hat (worn)
Potions
 e - a potion of flight {unknown}
 h - a potion of mutation {unknown}
Books
 b - a book of Minor Magic

   Spells                             Type                      Level
   a - Magic Dart                     Conjuration                  1
   b - Blink                          Translocation                2
   c - Call Imp                       Summoning                    2
   d - Repel Missiles                 Charms/Air                   2
   e - Slow                           Hexes                        2
   f - Conjure Flame                  Conjuration/Fire             3
   g - Mephitic Cloud                 Conjuration/Poison/Air       3
Comestibles
 c - 3 bread rations


   Skills:
 - Level 1.7 Dodging
 - Level 1.7 Stealth
 - Level 3.0 Spellcasting
 - Level 3.6 Conjurations
 + Level 1.7 Summonings
   Level 1.0 Translocations


You had 6 spell levels left.
You knew the following spells:

 Your Spells              Type           Power        Failure   Level  Hunger
a - Magic Dart            Conj           ###.         4%          1    None
b - Call Imp              Summ           #.......     14%         2    ##.....


Dungeon Overview and Level Annotations

Branches:
Dungeon (4/15)
 Temple: D:4-7

Altars:
Fedhas
Nemelex Xobeh
Okawaru
Sif Muna
The Shining One

Annotations:
D:3 Terence


Innate Abilities, Weirdness & Mutations

Your plain brown scales are hard. (AC +5)
You cannot fit into any form of body armour.
You are cold-blooded and may be slowed by cold attacks.


Message History

The ooze is moderately wounded.
The ooze hits you but does no damage. Terence closely misses you.
Your crimson imp hits Terence.
You hit the ooze. You tail-slap the ooze.
The ooze is heavily wounded.
The ooze hits you.
* * * LOW HITPOINT WARNING * * *
Terence closely misses you.
Your crimson imp blinks!
You hit the ooze.
The ooze is severely wounded.
The ooze barely misses you.
You hit the ooze but do no damage.
The ooze is severely wounded.
The ooze misses you. Terence hits you with a flail.
* * * LOW HITPOINT WARNING * * *
You hit the ooze but do no damage.
The ooze is severely wounded.
The ooze hits you.
You die...

.......>..# ..........#
..........# .#
..........# .#
..........## .#
...........# .#
...........# .#
#######.##.# #########.#
##......##.# #.@@J.....#
........##.# #.######..#
##......##.###.# #..#
...####.##.....######..#
........##..........#..#
.......###....#....>...#
#.####.# #....'...#.#..#
#.# .......#.#.#.#..#
#.# ###.####.#.#.##.#


You could see Terence and an ooze.

Vanquished Creatures
  2 adders
  An ooze (D:2)
  3 leopard geckos
  2 giant cockroaches (D:3)
  8 goblins
  4 hobgoblins
  A quokka (D:2)
  2 ball pythons (D:2)
  8 bats
  5 frilled lizards
  5 kobolds
  5 rats
46 creatures vanquished.

Notes
Turn   | Place    | Note
-------+----------+-------------------------------------------
     0 | D:1      | ImaNewbie the Draconian Wizard began the quest for the Orb.
     0 | D:1      | Reached XP level 1. HP: 14/14 MP: 4/4
   169 | D:1      | Reached XP level 2. HP: 20/20 MP: 3/6
  1130 | D:2      | Reached XP level 3. HP: 26/26 MP: 2/7
  1207 | D:2      | Found a deep blue altar of Sif Muna.
  1349 | D:2      | You fall through a shaft for 2 floors!
  1760 | D:3      | Noticed Terence
  1796 | D:2      | Learned a level 2 spell: Call Imp
  1800 | D:2      | Found a blossoming altar of Fedhas.
  2048 | D:2      | Found a glowing golden altar of the Shining One.
  2252 | D:2      | Reached XP level 4. HP: 25/33 MP: 1/8
  2365 | D:2      | Found an iron altar of Okawaru.
  2369 | D:2      | Found a sparkling altar of Nemelex Xobeh.
  2518 | D:3      | Slain by an ooze

Skill      XL: |  1  2 |
---------------+-------+-----
Conjurations   | 2 3 |  3.6
Dodging        | |  1.7
Stealth        | |  1.7
Spellcasting   | |  3.0
Summonings     | |  1.7
Translocations | |  1.0

Action                   |  1- 3 |  4- 6 || total
-------------------------+-------+-------++-------
Melee: Unarmed           |     7 |       ||     7
       Tailslap          |     7 |     2 ||     9
       Dagger            |    79 |    11 ||    90
       Club              |     4 |       ||     4
 Cast: Magic Dart        |    70 |     5 ||    75
       Call Imp          |       |     1 ||     1
  Eat: Chunk             |     4 |     1 ||     5
Armor: Skin              |    41 |     7 ||    48
Dodge: Dodged            |    83 |     9 ||    92
